 Dungeon Crawl Stone Soup version 0.25-b1-23-ge2ad7d536c (webtiles) character file.

Game seed: 6987182561654373474, levelgen mode: deterministic

8823 diana the Fighter (level 11, -12/93 HPs)
             Began as a Demonspawn Fighter on June 1, 2020.
             Was an Elder of Okawaru.
             Killed from afar by an ice dragon (29 damage)
             ... with a blast of cold
             ... in an ice cave.
             The game lasted 00:17:05 (8439 turns).

diana the Fighter (Demonspawn Fighter)              Turns: 8439, Time: 00:17:06

Health: -12/93     AC: 21    Str: 23 (26) XL:     11   Next: 15%
Magic:  14/14      EV: 14    Int:  8 (10) God:    Okawaru [****..]
Gold:   576        SH: 13    Dex:  9 (12) Spells: 10/10 levels left

rFire    . . .     SeeInvis .   w - +1 long sword (elec)
rCold    . . .     Gourm    .   c - +0 kite shield
rNeg     . . .     Faith    .   k - +4 chain mail
rPois    .         Spirit   .   (helmet restricted)
rElec    .         Reflect  .   (no cloak)
rCorr    .         Harm     .   r - +1 pair of gloves
MR       .....                  (no boots)
Stlth    ..........             o - amulet of magic regeneration
HPRegen  0.25/turn              i - +6 ring of strength
MPRegen  0.39/turn              F - +4 ring of evasion

@: mighty, brilliant, heroism
A: horns 1, slimy green scales 1, powered by death 1, spiny 2
a: Heroism, Renounce Religion


You were in an ice cave.
You worshipped Okawaru.
Okawaru was greatly pleased with you.
You were not hungry.

You visited 2 branches of the dungeon, and saw 12 of its levels.
You also visited: Ice Cave.

You collected 622 gold pieces.
You spent 46 gold pieces at shops.

Inventory:

Hand Weapons
 w - a +1 long sword of electrocution (weapon)
 D - a +2 antimagic falchion
Armour
 c - a +0 kite shield (worn)
 k - a +4 chain mail (worn)
 r - a +1 pair of gloves (worn)
 y - a +0 plate armour
Jewellery
 i - a +6 ring of strength (left hand)
 o - an amulet of magic regeneration (around neck)
 B - an uncursed ring of poison resistance
 F - a +4 ring of evasion (right hand)
Wands
 d - a wand of polymorph (16)
 n - a wand of random effects (35)
 J - a wand of acid (20)
Scrolls
 a - a scroll of noise
 j - 4 scrolls of remove curse
 l - 3 scrolls of amnesia
 m - 5 scrolls of teleportation
 p - 4 scrolls of immolation
 s - 3 scrolls of enchant weapon
 z - a scroll of blinking {unknown}
 A - a scroll of vulnerability {unknown}
 E - 4 scrolls of acquirement
 G - a scroll of random uselessness {unknown}
Potions
 b - a potion of resistance {unknown}
 e - a potion of stabbing
 g - 2 potions of haste
 h - a potion of might
 t - 3 potions of lignification
 x - 5 potions of curing
Comestibles
 f - 21 rations


   Skills:
 * Level 11.2(16.2) Fighting
 + Level 7.2(12.2) Long Blades
 + Level 7.5(12.5) Armour
 + Level 7.5(12.5) Shields
 + Level 4.4 Invocations


You had 10 spell levels left.
You didn't know any spells.
Your spell library contained the following spells:

 Spells                   Type           Power        Failure   Level  Hunger
 Freeze                   Ice            #...         97%         1    None
 Frozen Ramparts          Ice            #.....       100%        3    None
 Ozocubu's Armour         Chrm/Ice       #.......     100%        3    None
 Hailstorm                Conj/Ice       #.......     100%        4    None
 Summon Ice Beast         Ice/Summ       #.......     100%        4    None


Dungeon Overview and Level Annotations

Branches:
Dungeon (12/15)            Temple (1/1) D:5            Lair (0/6) D:9
    Orc (0/2) D:12          IceCv (1/1)

Altars:
Ashenzari
Cheibriados
Dithmenos
Elyvilon
Fedhas
Gozag
Hepliaklqana
Kikubaaqudgha
Makhleb
Nemelex Xobeh
Okawaru
Qazlal
Ru
Sif Muna
Trog
Uskayaw
Vehumet
Wu Jian
Xom
Yredelemnul
Zin
The Shining One

Shops:
D:6 *

Annotations:
D:9 3 runed translucent doors, krystol's ghost, novice MiBe


Innate Abilities, Weirdness & Mutations

You have a pair of small horns on your head.
You are partially covered in slimy green scales. (AC +2)
You regenerate a little health from kills.
You are mostly covered in sharp spines.


Message History

Unknown command.
You closely miss the ice dragon. You headbutt the ice dragon!
The ice dragon is heavily wounded.
You block the ice dragon's attack. x3; The ice dragon closely misses you.
The ice dragon claws you but does no damage.
The ice dragon tramples you!
* * * LOW HITPOINT WARNING * * *
You hold your ground!
Your chain mail prevents you from hitting the ice dragon.
The ice dragon is heavily wounded.
You block the ice dragon's attack. x2; The ice dragon barely misses you.
The ice dragon bites you but does no damage.
The ice dragon closely misses you.
The ice dragon tramples you but does no damage.
Unknown command.
Okay, then.
You feel better. The ice dragon breathes frost at you.
The blast of cold hits you!!
You die...

########
####......#
##....DD#.....#
#...##@## .DD..
#####..### ....
#...##.# ...
##.#....# .$
##..###.## $
####..## ###
####....##
#......##
..######


You could see 2 ice dragons.

Vanquished Creatures
  A two-headed ogre (D:8)
  Pikel (D:5)
  An ugly thing (D:11)
  2 ice statues (IceCv)
  2 rime drakes (IceCv)
  A troll (D:9)
  2 hippogriffs (D:9)
  A hungry ghost (D:9)
  Eustachio (D:5)
  2 wargs (D:8)
  5 orc warriors
  22 ice beasts
  A phantom (D:11)
  A hornet zombie (D:8)
  3 ogres
  2 centaurs
  7 bullfrogs
  A wyvern zombie (D:6)
  2 scorpions
  3 howler monkeys
  4 crimson imps
  A quasit (D:8)
  4 orc priests
  6 hounds
  An iguana (D:8)
  9 orc wizards
  Ijyb (D:4)
  A gnoll shaman (D:4)
  Natasha (thrice) (D:2)
  5 worker ants
  A hound skeleton (D:7)
  A hound zombie (D:5)
  Robin (D:3)
  16 adders
  4 gnolls (D:4)
  A shadow imp (D:6)
  3 oozes
  3 worms
  3 dart slugs
  6 leopard geckos
  32 orcs
  5 giant cockroaches
  16 goblins
  9 hobgoblins
  6 jackals
  4 quokkas
  9 bats
  6 frilled lizards
  A jackal zombie (D:5)
  8 kobolds
  6 rats (D:1)
  2 plants (D:4)
239 creatures vanquished.

Vanquished Creatures (others)
  A leopard gecko skeleton (D:5)
1 creature vanquished.

Grand Total: 240 creatures vanquished

Notes
Turn   | Place    | Note
-------+----------+-------------------------------------------
     0 | D:1      | diana the Demonspawn Fighter began the quest for the Orb.
     0 | D:1      | Reached XP level 1. HP: 18/18 MP: 1/1
   182 | D:1      | Gained mutation: You are partially covered in slimy green
                  | scales. (AC +2) [demonic ancestry]
   182 | D:1      | Reached XP level 2. HP: 20/24 MP: 2/2
   390 | D:1      | Gained mutation: You are partially covered in sharp spines.
                  | [demonic ancestry]
   390 | D:1      | Reached XP level 3. HP: 23/29 MP: 3/3
   991 | D:2      | Noticed a centaur
  1007 | D:2      | Killed a centaur
  1007 | D:2      | Reached skill level 4 in Fighting
  1007 | D:2      | Reached XP level 4. HP: 28/37 MP: 4/4
  1025 | D:2      | Noticed Natasha
  1031 | D:2      | Killed Natasha
  1031 | D:2      | Gained mutation: You have a pair of small horns on your
                  | head. [demonic ancestry]
  1031 | D:2      | Reached XP level 5. HP: 30/43 MP: 5/5
  1156 | D:2      | Noticed Natasha
  1159 | D:2      | Killed Natasha
  1496 | D:2      | Noticed Natasha
  1510 | D:2      | Killed Natasha
  1925 | D:2      | Reached XP level 6. HP: 50/50 MP: 6/6
  2192 | D:3      | Reached skill level 5 in Fighting
  2562 | D:3      | Noticed Robin
  2570 | D:3      | Killed Robin
  3000 | D:3      | Found a basalt altar of Yredelemnul.
  3362 | D:4      | Found a shimmering blue altar of Sif Muna.
  3389 | D:4      | Noticed Ijyb
  3405 | D:4      | Killed Ijyb
  3454 | D:4      | Found a blossoming altar of Fedhas.
  3786 | D:5      | Entered Level 5 of the Dungeon
  3792 | D:5      | Noticed Eustachio
  3814 | D:5      | Reached XP level 7. HP: 52/56 MP: 7/7
  3816 | D:5      | Killed Eustachio
  3946 | D:5      | Reached skill level 6 in Fighting
  3957 | D:5      | Found a staircase to the Ecumenical Temple.
  3982 | Temple   | Entered the Ecumenical Temple
  4080 | D:5      | Noticed Pikel
  4081 | D:5      | Found an ornate altar of the Wu Jian Council.
  4090 | D:5      | Killed Pikel
  4090 | D:5      | Gained mutation: You are mostly covered in sharp spines.
                  | [demonic ancestry]
  4090 | D:5      | Reached XP level 8. HP: 65/65 MP: 8/8
  4101 | D:5      | Reached skill level 7 in Fighting
  4263 | D:5      | Reached skill level 5 in Armour
  4597 | D:6      | Reached skill level 5 in Shields
  4642 | D:6      | Found Qeplych's Assorted Antiques.
  4661 | D:6      | Bought a fuming coppery potion for 23 gold pieces
  4661 | D:6      | Bought a murky silvery potion for 23 gold pieces
  5155 | D:6      | Reached skill level 8 in Fighting
  5155 | D:6      | Reached skill level 5 in Long Blades
  5330 | D:6      | Reached XP level 9. HP: 70/74 MP: 9/9
  5617 | D:6      | Found a glowing silver altar of Zin.
  5617 | D:6      | Noticed an angel
  5713 | D:7      | Found an iron altar of Okawaru.
  5732 | D:7      | Became a worshipper of Warmaster Okawaru
  5989 | D:7      | Found a shimmering altar of Xom.
  6146 | D:7      | Found a sacrificial altar of Ru.
  6364 | D:8      | Noticed a two-headed ogre
  6372 | D:8      | Killed a two-headed ogre
  6372 | D:8      | Reached * piety under Okawaru
  6372 | D:8      | Reached skill level 9 in Fighting
  6730 | D:8      | Found a burning altar of Makhleb.
  6794 | D:9      | Reached ** piety under Okawaru
  6869 | D:9      | Found a staircase to the Lair.
  6925 | D:8      | Gained mutation: You regenerate a little health from kills.
                  | [demonic ancestry]
  6925 | D:8      | Reached XP level 10. HP: 48/84 MP: 10/10
  7386 | D:9      | Reached skill level 10 in Fighting
  7396 | D:9      | Noticed krystol's ghost (novice MiBe)
  7400 | D:9      | Noticed a five-headed hydra
  7433 | D:9      | Reached *** piety under Okawaru
  7452 | D:9      | Reached skill level 1 in Invocations
  7642 | D:9      | Found a shimmering altar of Xom.
  7740 | D:9      | Found a runed translucent gate.
  7740 | D:9      | Found a runed translucent gate.
  7740 | D:9      | Found a runed translucent gate.
  7800 | D:9      | You fall into a shaft and drop 3 floors!
  7801 | D:12     | Identified 4 scrolls of acquirement
  7809 | D:12     | Found a sparkling altar of Nemelex Xobeh.
  7828 | D:12     | Found a staircase to the Orcish Mines.
  7878 | D:11     | Found a frozen archway.
  7879 | D:11     | Noticed a green ugly thing
  7896 | D:11     | Killed a green ugly thing
  7916 | D:11     | Reached **** piety under Okawaru
  7936 | IceCv    | Entered an ice cave
  8122 | IceCv    | Noticed an ice statue
  8184 | IceCv    | Reached ***** piety under Okawaru
  8189 | IceCv    | Reached skill level 11 in Fighting
  8189 | IceCv    | Reached XP level 11. HP: 79/93 MP: 13/13
  8424 | IceCv    | Noticed an ice dragon
  8425 | IceCv    | Noticed an ice dragon
  8439 | IceCv    | Killed from afar by an ice dragon

Illustrated notes

Levels and vault maps discovered:
D:1:      elethiomel_arrival_infinity_welcomes_careful_drivers, layout_basic
D:2:      layout_basic, hangedman_feature_mirror, uniq_natasha
D:3:      layout_basic, lemuel_coloured_pillars_altar, minmay_curled_crystal,
          kennysheep_generic_room_9, uniq_robin
D:4:      layout_gridville, fedhas_altar_3, lemuel_crystal_altar, uniq_ijyb
D:5:      layout_basic, old_standard_altar, temple_statues, first_ration,
          uniq_pikel, uniq_eustachio
D:6:      layout_gridville, zin_angel, serial_shops, shop_fountains
D:7:      layout_loops_ring, old_standard_altar, okawaru_ov_weapons_minmay,
          basic_altar
D:8:      layout_rooms, lemuel_doored_altar, grunt_ogre_cave, glass_columns_a
D:9:      layout_cave_pools, erik_lair_orcish_takeover, basic_altar,
          gammafunk_ghost_split
D:11:     lemuel_reptile_caves, layout_loops_corners,
          portal_ice_cave_entry_ice_beasts
D:12:     layout_irregular_city, orc_0_dummy, enter_trove_0, basic_altar
Temple:   jpeg_temple_clearing
IceCv:    ice_cave_small_dragons

Skill      XL: |  1  2  3  4  5  6  7  8  9 10 11 |
---------------+----------------------------------+-----
Long Blades    | 2 3 4 5 6 7 |  7.2
Shields        | 3 4 5 6 7 |  7.5
Armour         | 3 4 5 6 7 |  7.5
Fighting       | 4 5 6 8 9 11 | 11.2
Invocations    | 3 4 |  4.4

Action                   |  1- 3 |  4- 6 |  7- 9 | 10-12 || total
-------------------------+-------+-------+-------+-------++-------
Melee: Long sword        |    89 |   178 |   196 |   218 ||   681
       Headbutt          |       |    36 |    45 |    67 ||   148
Invok: Heroism           |       |       |       |     3 ||     3
       Finesse           |       |       |       |     1 ||     1
Evoke: Wand              |       |       |       |     3 ||     3
  Use: Potion            |     1 |       |     2 |     7 ||    10
       Scroll            |       |     6 |     5 |     5 ||    16
  Eat: Chunk             |       |    10 |    10 |     6 ||    26
Armor: Scale mail        |    10 |       |       |       ||    10
       Chain mail        |    51 |    75 |    70 |    81 ||   277
Dodge: Dodged            |    25 |    25 |    48 |    55 ||   153
Block: Kite shield       |    71 |    89 |   116 |   133 ||   409
       Rpst.: Long sword |    11 |     4 |    15 |    12 ||    42
